 Dungeon Crawl Stone Soup version 0.25-a0-458-g6fc7858b95 (webtiles) character file.

Game seed: 5846082931377694704, levelgen mode: deterministic

473 Elellon the Magician (level 6, -8/32 HPs)
             Began as a Deep Elf Conjurer on Feb 2, 2020.
             Was an Initiate of Vehumet.
             Mangled by a hornet (9 damage)
             ... on level 7 of the Dungeon.
             The game lasted 00:05:40 (4273 turns).

Elellon the Magician (Deep Elf Conjurer)            Turns: 4273, Time: 00:05:41

Health: -8/32      AC:  3    Str:  7    XL:     6   Next: 84%
Magic:  14/18      EV: 13    Int: 20    God:    Vehumet [......]
Gold:   169        SH:  0    Dex: 15    Spells: 16/19 levels left

rFire    . . .     SeeInvis .   m - +4 quarterstaff (chaos)
rCold    . . .     Gourm    .   (shield currently unavailable)
rNeg     . . .     Faith    .   a - +0 robe
rPois    .         Spirit   .   (no helmet)
rElec    .         Reflect  .   n - +0 cloak
rCorr    .         Harm     .   (no gloves)
MR       .....                  (no boots)
Stlth    ++........             (no amulet)
HPRegen  0.10/turn              (no ring)
MPRegen  0.16/turn              (no ring)

@: lethally poisoned (-8 -> -14), slowed, very slow
A: no striking features
a: Renounce Religion


You were on level 7 of the Dungeon.
You worshipped Vehumet.
Vehumet was noncommittal.
You were not hungry.

You visited 1 branch of the dungeon, and saw 5 of its levels.

You collected 169 gold pieces.

Inventory:

Hand Weapons
 m - a +4 quarterstaff of chaos (weapon)
Armour
 a - a +0 robe (worn)
 n - a +0 cloak (worn)
Jewellery
 o - an uncursed ring of protection from fire
Wands
 l - a wand of flame (30)
Scrolls
 d - 4 scrolls of noise {unknown}
 e - a scroll of enchant armour {unknown}
 f - 3 scrolls of identify {unknown}
 i - a scroll of teleportation {unknown}
 j - a scroll of fear {unknown}
Potions
 b - a potion of lignification {unknown}
 g - a potion of heal wounds {unknown}
 k - a potion of curing
 p - 2 potions of brilliance {unknown}
Comestibles
 c - 7 rations
 h - 2 chunks of flesh


   Skills:
 - Level 2.4 Dodging
 - Level 2.4 Stealth
 + Level 7.3 Spellcasting
 + Level 7.1 Conjurations


You had 16 spell levels left.
You knew the following spells:

 Your Spells              Type           Power        Failure   Level  Hunger
a - Magic Dart            Conj           ####         1%          1    None
b - Searing Ray           Conj           #####.       1%          2    None

Your spell library contained the following spells:

 Spells                   Type           Power        Failure   Level  Hunger
 Dazzling Flash           Conj/Hex       ###...       6%          3    #......
 Fulminant Prism          Conj/Hex       ###.......   22%         4    ###....
 Iskenderun's Mystic Bla  Conj/Tloc      ###.....     22%         4    ###....


Dungeon Overview and Level Annotations

Branches:
Dungeon (4/15)             Temple (0/1) D:7

Altars:
Elyvilon
Makhleb
Vehumet
Wu Jian


Message History

Aiming: Searing Ray (safe; 1% risk of failure)
Press: ? - help, Shift-Dir - straight line, f - hornet
Aim: a hornet The searing ray hits the hornet!
The hornet is moderately wounded. (Press . to maintain the ray.)
The hornet stings you!
You are poisoned.
You feel as though you will be slow longer.
The hornet closely misses you.
The searing ray hits the hornet!
The hornet is moderately wounded.
You feel sick. The hornet closely misses you. The hornet stings you!!
Ouch! That really hurt!
* * * LOW HITPOINT WARNING * * *
You feel as though you will be slow longer.
The searing ray misses the hornet.
* * * LOW HITPOINT WARNING * * *
You feel sick.
The hornet closely misses you. x2; The hornet stings you!
You die...

###### #########
#.....#######.......
#.....#.....#......
#.....#...).#.....
#.....##...##....
#......#...#....#
#......#...#....#
#......'...#...y#
#......###.#..@.# ##
####'#.....#.###'#....#
.÷...#.....+.....#....#
.....#.....#.....#....#
.....#.....#.....≈≈≈..#
######.....#.##.≈§§≈≈.#
..#####.#.§§≈§≈≈§# .>+
..#.§§≈>≈§≈.. ..#
...#.≈≈§≈§≈≈..


You could see a hornet.

Vanquished Creatures
  Sigmund (D:2)
  A crimson imp (D:4)
  Crazy Yiuf (D:2)
  A bullfrog skeleton (D:4)
  Jessica (D:3)
  Terence (D:2)
  A worker ant (D:4)
  3 adders
  4 gnolls (D:2)
  2 dart slugs
  7 worms (D:2)
  4 leopard geckos
  An orc (D:3)
  A ball python (D:1)
  4 giant cockroaches
  7 goblins
  11 hobgoblins
  2 jackals (D:2)
  7 bats
  6 frilled lizards
  6 kobolds
  7 rats
79 creatures vanquished.

Notes
Turn   | Place    | Note
-------+----------+-------------------------------------------
     0 | D:1      | Elellon the Deep Elf Conjurer began the quest for the Orb.
     0 | D:1      | Reached XP level 1. HP: 10/10 MP: 6/6
   279 | D:1      | Reached XP level 2. HP: 15/15 MP: 4/8
   372 | D:1      | Learned a level 2 spell: Searing Ray
  1091 | D:1      | Reached XP level 3. HP: 16/19 MP: 7/10
  1119 | D:1      | Reached skill level 5 in Conjurations
  1223 | D:2      | Noticed Sigmund
  1735 | D:2      | Reached XP level 4. HP: 19/24 MP: 1/12
  2227 | D:2      | Reached skill level 5 in Spellcasting
  2450 | D:2      | Killed Sigmund
  2450 | D:2      | Reached XP level 5. HP: 28/28 MP: 7/15
  2522 | D:2      | Found a burning altar of Makhleb.
  2522 | D:2      | Noticed a green death
  2525 | D:2      | Noticed a smoke demon
  2525 | D:2      | Noticed an orange demon
  2665 | D:2      | Noticed Terence
  2675 | D:2      | Killed Terence
  2675 | D:2      | Reached XP level 6. HP: 27/32 MP: 7/17
  2796 | D:2      | Found a runed translucent door.
  2797 | D:2      | Noticed Crazy Yiuf
  2805 | D:2      | Killed Crazy Yiuf
  3140 | D:3      | Noticed Jessica
  3339 | D:3      | Killed Jessica
  3462 | D:3      | Found a radiant altar of Vehumet.
  3463 | D:3      | Found a white marble altar of Elyvilon.
  3463 | D:3      | Found an ornate altar of the Wu Jian Council.
  3468 | D:3      | Became a worshipper of Vehumet
  4213 | D:4      | You fall into a shaft and drop 3 floors!
  4255 | D:7      | Found a staircase to the Ecumenical Temple.
  4266 | D:7      | Noticed a hornet
  4272 | D:7      | HP: 1/32 [hornet (18)]
  4273 | D:7      | Mangled by a hornet

Levels and vault maps discovered:
D:1:      lightli_molten_gateway, layout_loops_cross,
          kennysheep_decorative_pillar, minmay_misc_feat_x
D:2:      layout_rooms, makhleb_altar_promises_db, uniq_sigmund,
          uniq_crazy_yiuf_cottage, uniq_terence
D:3:      layout_rooms, chequers_temple_overflow_statue_of_worship, uniq_jessica
D:4:      layout_basic
D:7:      layout_gridville, minmay_temple_entry_mist

Skill      XL: |  1  2  3  4  5  6 |
---------------+-------------------+-----
Spellcasting   | 4 6 7 |  7.3
Conjurations   | 5 6 7 |  7.1
Dodging        | |  2.4
Stealth        | |  2.4

Action                   |  1- 3 |  4- 6 || total
-------------------------+-------+-------++-------
Melee: Spear             |       |     2 ||     2
 Cast: Magic Dart        |    96 |    76 ||   172
       Searing Ray       |     1 |    18 ||    19
  Eat: Chunk             |     2 |     8 ||    10
Armor: Robe              |     1 |     4 ||     5
Dodge: Dodged            |     6 |    15 ||    21

Table legend:
 A = Non-vault XP
 B = Vault XP
 C = Vault XP percentage of total XP
 D = Non-vault monster count
 E = Vault monster count
 F = Vault count percentage of total count
                 A         B        C        D         E       F
            +---------+---------+-------+---------+---------+-------
      Total |     356 |     321 |  47.4 |      75 |       4 |   5.1
            +---------+---------+-------+---------+---------+-------
        D:1 |      42 |       0 |   0.0 |      25 |       0 |   0.0
        D:2 |     130 |     284 |  68.6 |      27 |       3 |  10.0
        D:3 |      45 |      37 |  45.1 |      18 |       1 |   5.3
        D:4 |     126 |       0 |   0.0 |       4 |       0 |   0.0
        D:7 |      13 |       0 |   0.0 |       1 |       0 |   0.0
            +---------+---------+-------+---------+---------+-------
